 Dungeon Crawl Stone Soup version 0.32-a0-18-g89e19f1974 (webtiles) character file.

Game seed: 14747781015374784186

56 zenocrate the Sneak (level 3, -1/16 HPs)
             Began as a Vine Stalker Enchanter on Jan 17, 2024.
             Killed from afar by an orc wizard (8 damage)
             ... with a magic dart
             ... on level 2 of the Dungeon.
             The game lasted 00:01:50 (1380 turns).

zenocrate the Sneak (Vine Stalker Enchanter)        Turns: 1380, Time: 00:01:51

Health: -1/16      AC:  2    Str: 10    XL:     3   Next: 97%
Magic:  0/7        EV: 12    Int: 15    God:
Gold:   65         SH:  0    Dex: 16    Spells: 1/6 levels left

rFire   . . .        a - +1 dagger
rCold   . . .        (no shield)
rNeg    . . .        b - +0 robe
rPois   .            (no helmet)
rElec   .            (no cloak)
rCorr   .            (no gloves)
SInv    .            (no boots)
Will    .....        (no amulet)
Stlth   +            i - ring of wizardry
HPRegen 1.02/turn    (no ring)
MPRegen 0.10/turn

%: guardian spirit, wizardry (x1)
@: confused
A: fangs 2, regeneration 1, magic shield, antimagic bite, no potion heal 2
a: no special abilities


You were on level 2 of the Dungeon.
You visited 1 branch of the dungeon, and saw 3 of its levels.

You collected 65 gold pieces.

Inventory:

Hand Weapons
 a - a +1 dagger (weapon)
Armour
 b - a +0 robe (worn)
Jewellery
 i - a ring of wizardry (left hand)
Scrolls
 f - a scroll of fog
 g - 2 scrolls of teleportation
 h - a scroll of enchant armour {unknown}
 j - a scroll of poison {unknown}
 l - a scroll of amnesia {unknown}
Potions
 c - 3 potions of invisibility
 d - a potion of cancellation
 e - a potion of berserk rage


   Skills:
 + Level 1.8 Short Blades
 + Level 2.1 Dodging
 + Level 4.2 Stealth
 + Level 2.3 Spellcasting
 + Level 3.4 Hexes
 + Level 0.3 Ice Magic


You had one spell level left.
You knew the following spells:

 Your Spells              Type           Power      Damage    Failure   Level
a - Ensorcelled Hibernat  Hex/Ice        14%        N/A       6%          2
b - Confusing Touch       Hex            12%        N/A       6%          3

Your spell library contained the following spells:

 Spells                   Type           Power      Damage    Failure   Level
 Tukima's Dance           Hex            12%        N/A       6%          3
 Dazzling Flash           Conj/Hex       12%        N/A       13%         3


Dungeon Overview and Level Annotations

Branches:
Dungeon (3/15)

Altars:


Innate Abilities, Weirdness & Mutations

You have extremely sharp teeth.
Your natural rate of healing is unusually fast.
When hurt, damage is shared between your health and your magic reserves.
Your bite disrupts and absorbs the magic of your enemies.
Potions cannot restore your health.


Message History

You are more confused.
Unknown command.
You hit the orc but do no damage.
The orc is moderately wounded.
The orc closely misses you. Something hits you.
You are too confused!
You hit the orc. Your bite misses the orc.
The orc is heavily wounded.
The orc hits you with a +0 dagger. Something hits you.
You are too confused!
You bump into the rock wall.
The orc hits you with a +0 dagger. Something hits you.
Unknown command.
You bump into the rock wall.
The orc barely misses you. Something hits you.
You are too injured to fight recklessly!
You miss the orc. You bite the orc, but do no damage.
The orc is heavily wounded.
The orc hits you with a +0 dagger.
You hear some strange, mumbled words.
You are more confused.
Unknown command.
You bump into the rock wall.
The orc barely misses you.
You hear some strange, mumbled words.
Something tries to affect you, but you resist.
Unknown command.
You're too confused to move!
The orc misses you. Something hits you but does no damage.
Unknown command.
You hit the orc but do no damage. Your bite misses the orc.
The orc is heavily wounded.
The orc hits you with a +0 dagger. Something hits you.
Unknown command.
You hit the orc but do no damage. You bite the orc, but do no damage.
The orc is heavily wounded.
The orc barely misses you.
You hear some strange, mumbled words.
A magic dart appears from out of thin air!
The magic dart hits you!
Ouch! That really hurt!
You die...

##### #....
###############.##
####@................
#..{>o...............
#####......#####.....
#......#####.#.##
##......+.....#.#
##.......#######.##
#....<...#........#
##..#.....#........#
#...#.....#........#


You could see an orc.

Vanquished Creatures
  An adder (D:2)
  2 dart slugs (D:1)
  2 orcs (D:3)
  6 ball pythons
  5 endoplasms
  A giant cockroach (D:1)
  3 hobgoblins
  4 kobolds
  4 bats
  A frilled lizard (D:2)
  5 goblins
  5 rats (D:1)
39 creatures vanquished.

Notes
Turn   | Place    | Note
-------+----------+-------------------------------------------
     0 | D:1      | zenocrate the Vine Stalker Enchanter began the quest for
                  | the Orb.
     0 | D:1      | Reached XP level 1. HP: 9/9 MP: 4/4
   116 | D:1      | Reached skill level 1 in Short Blades
   157 | D:1      | Found a faded altar of an unknown god.
   175 | D:1      | Reached XP level 2. HP: 13/13 MP: 6/6
   310 | D:1      | Reached skill level 4 in Stealth
   331 | D:1      | Reached XP level 3. HP: 16/16 MP: 7/7
   334 | D:1      | Learned a level 2 spell: Ensorcelled Hibernation
   338 | D:1      | Learned a level 3 spell: Confusing Touch
   797 | D:2      | Identified the +1 chain mail "Sediporr" {+Blink rF++}
  1380 | D:2      | Killed from afar by an orc wizard

Illustrated notes

Levels and vault maps discovered:
D:1:      kennysheep_arrival_forest, layout_rooms,
          ebering_ecumenical_altar_webs, hangedman_decor_push
D:2:      layout_basic, serial_curves, eino_curves_02, eino_curves_04
D:3:      layout_rooms, grunt_ministairs_11

Skill      XL: |  1  2  3 |
---------------+----------+-----
Short Blades   | 1 |  1.8
Stealth        | 4 |  4.2
Dodging        | 2 |  2.1
Spellcasting   | |  2.3
Hexes          | |  3.4
Ice Magic      | |  0.3

Action                     || total
---------------------------++-------
  Melee: Dagger            ||   122
         Bite              ||    33
         Punch             ||     1
   Cast: Ensorcelled Hiber ||     1
    Use: Scroll            ||     4
   Stab: Sleeping          ||     7
 Armour: Robe              ||    77
  Dodge: Dodged            ||    99

Table legend: (Time is in decaauts)
 A = Elapsed time spent in this place.
 B = Non-inter-level travel time spent in this place.
 C = Inter-level travel time spent in this place.
 D = Time resting spent in this place.
 E = Time spent auto-exploring this place.
 F = Levels seen in this place.
 G = Mean time per level.
                   A        B        C        D        E       F      G
               +--------+--------+--------+--------+--------+-----+--------+
         Total |   1371 |   1345 |     26 |      0 |   1057 |   3 |  457.0 |
       Dungeon |   1371 |   1345 |     26 |      0 |   1057 |   3 |  457.0 |
               +--------+--------+--------+--------+--------+-----+--------+

Top non-repeatable levels by time:
     D:2: 695 daAuts
     D:1: 673 daAuts
     D:3: 3 daAuts
